 Dungeon Crawl Stone Soup version 0.25.0-1-g7eea58d (webtiles) character file.

Game seed: 13652700339833831723

5105 GeorgeSoros the Blocker (level 10, -3/82 HPs)
             Began as a Formicid Fighter on June 15, 2020.
             Was a Follower of Makhleb.
             Slain by Snorg (13 damage)
             ... on level 11 of the Dungeon.
             The game lasted 00:32:04 (10136 turns).

GeorgeSoros the Blocker (Formicid Fighter)         Turns: 10136, Time: 00:32:04

Health: -3/82      AC: 21    Str: 24    XL:     10   Next: 87%
Magic:  11/11      EV:  7    Int:  8    God:    Makhleb [*.....]
Gold:   3119       SH: 11    Dex:  6    Spells: 9/9 levels left

rFire    . . .     SeeInvis +   A - +3 executioner's axe (venom)
rCold    . . .     Gourm    .   c - +0 kite shield
rNeg     . . .     Faith    .   z - +0 plate armour
rPois    .         Spirit   .   (helmet unavailable)
rElec    .         Reflect  .   k - +2 cloak {MR+}
rCorr    .         Harm     .   r - +0 pair of gloves
MR       ++...                  j - +1 pair of boots
Stlth    ..........             (no amulet)
HPRegen  0.23/turn              x - ring of stealth
MPRegen  0.12/turn              n - -4 ring of dexterity (curse)

@: mighty
A: permanent stasis, dig shafts and tunnels, four strong arms, antennae 3
a: Dig, Shaft Self, Renounce Religion


You were on level 11 of the Dungeon.
You worshipped Makhleb.
Makhleb was aware of your devotion.
You were not hungry.

You visited 2 branches of the dungeon, and saw 10 of its levels.
You also visited: Sewer and Bailey.

You collected 3119 gold pieces.

Inventory:

Hand Weapons
 a - a +1 long sword
 b - the +4 dagger of Red Defiance {flame, *Rage MP+9 Str+3 Dex+3}
   (You found it on level 7 of the Dungeon)

   It has been specially enchanted to burn those struck by it, causing extra
   injury to most foes and up to half again as much damage against particularly
   susceptible opponents.
   It affects your strength (+3).
   It affects your dexterity (+3).
   It affects your magic capacity (+9).
   It may make you go berserk in combat.
 A - a +3 executioner's axe of venom (weapon)
Armour
 c - a +0 kite shield (worn)
 j - a +1 pair of boots (worn)
 k - a +2 cloak of magic resistance (worn)
 r - a +0 pair of gloves (worn)
 z - a +0 plate armour (worn)
Jewellery
 e - an uncursed ring of magical power
 n - a cursed -4 ring of dexterity (right hand)
 x - a ring of stealth (left hand)
 E - an uncursed ring of protection from fire {unknown}
Wands
 y - a wand of polymorph (6)
 B - a wand of acid (10)
 C - a wand of enslavement (9)
Scrolls
 g - a scroll of fear
 i - 2 scrolls of magic mapping
 p - 2 scrolls of fog
 u - 2 scrolls of enchant weapon
 w - 2 scrolls of amnesia
Potions
 d - a potion of might
 h - a potion of magic
 l - 4 potions of curing
 m - 8 potions of flight
 o - 3 potions of lignification
 q - 4 potions of heal wounds
 s - 4 potions of brilliance
 t - a potion of stabbing {unknown}
 v - 2 potions of ambrosia
 D - a potion of degeneration {unknown}
 G - a potion of mutation {unknown}
Comestibles
 f - 13 rations


   Skills:
 + Level 8.9 Fighting
 - Level 7.3 Long Blades
 + Level 2.1 Axes
 + Level 9.1 Armour
 - Level 0.1 Dodging
 + Level 9.8 Shields
 + Level 2.5 Invocations


You had 9 spell levels left.
You didn't know any spells.
Your spell library was empty.

Dungeon Overview and Level Annotations

Branches:
Dungeon (8/15)             Temple (1/1) D:5           Sewer (visited)
 Bailey (visited)
   Lair: D:8-11

Altars:
Ashenzari
Cheibriados
Hepliaklqana
Kikubaaqudgha
Makhleb
Nemelex Xobeh
Okawaru
Ru
Sif Muna
Trog
Uskayaw
Vehumet
Wu Jian
Xom
Yredelemnul
Zin
The Shining One

Annotations:
D:5 2 transporters
D:11 Snorg


Innate Abilities, Weirdness & Mutations

You cannot be hasted, slowed, berserked, paralysed or teleported.
You can dig through walls and to a lower floor.
Your four strong arms can wield two-handed weapons with a shield.
You have a pair of large antennae on your head. (SInv)


Message History

Snorg claws you but does no damage.
You feel very mighty all of a sudden. You block Snorg's attack.
Snorg claws you but does no damage. You block Snorg's attack.
You feel much better. You block Snorg's attack. x2
Snorg claws you but does no damage. Snorg bites you but does no damage.
You block Snorg's attack. Snorg claws you but does no damage.
You closely miss Snorg. Snorg bites you but does no damage.
You block Snorg's attack. x2; Snorg barely misses you. x2
Snorg claws you but does no damage.
You closely miss Snorg.
You block Snorg's attack. x2; Snorg claws you.
Snorg bites you but does no damage. You block Snorg's attack.
Snorg claws you but does no damage. Snorg bites you but does no damage.
Snorg claws you but does no damage. Snorg claws you!
You completely miss Snorg. Snorg bites you but does no damage.
Snorg barely misses you. You block Snorg's attack. Snorg bites you!!
* * * LOW HITPOINT WARNING * * *
Snorg claws you but does no damage. You block Snorg's attack.
Snorg bites you but does no damage. Snorg claws you!
You die...

####### .......
.......###
......T..#
.......#{##
.......#..##
%......##..#
#######
##.###############
#.ZT@............
#########.........
...(..............
##################
{{ {{{


You could see Snorg (berserk) and a centaur warrior zombie.

Vanquished Creatures
  An orc warlord (Bailey)
  An orc knight (Bailey)
  Grinder (D:3)
  A wyvern (D:11)
  A hungry ghost (D:8)
  3 water moccasins
  Duvessa (D:5)
  2 orc warriors (Bailey)
  A sky beast (D:6)
  A phantom (D:4)
  2 centaurs
  3 ogres
  3 big kobolds (Sewer)
  A bullfrog (D:6)
  Dowan (D:5)
  A water moccasin skeleton (D:4)
  3 killer bees (D:7)
  3 crimson imps
  2 bullfrog zombies
  2 hounds
  3 orc wizards
  An orc priest (D:4)
  A bullfrog skeleton (D:4)
  A centaur skeleton (D:4)
  5 iguanas
  6 worker ants
  A hound skeleton (D:6)
  A worker ant zombie (D:5)
  20 adders
  9 river rats
  6 gnolls
  A shadow imp (D:8)
  An ooze (D:3)
  2 adder skeletons
  2 adder zombies (D:5)
  6 worms
  A dart slug (D:3)
  10 leopard geckos
  25 orcs
  10 bats
  2 giant cockroaches
  15 goblins
  7 hobgoblins
  6 jackals
  32 kobolds
  2 quokkas (D:4)
  8 ball pythons
  7 frilled lizards
  A jackal zombie (D:8)
  3 quokka skeletons
  35 rats
264 creatures vanquished.

Notes
Turn   | Place    | Note
-------+----------+-------------------------------------------
     0 | D:1      | GeorgeSoros the Formicid Fighter began the quest for the
                  | Orb.
     0 | D:1      | Reached XP level 1. HP: 18/18 MP: 1/1
    57 | D:1      | Reached XP level 2. HP: 13/24 MP: 2/2
   255 | D:1      | Reached XP level 3. HP: 28/29 MP: 3/3
   291 | D:1      | Found a sparkling altar of Nemelex Xobeh.
   927 | D:2      | Reached XP level 4. HP: 30/37 MP: 4/4
  1750 | D:3      | Reached XP level 5. HP: 42/42 MP: 5/5
  2127 | D:3      | Reached skill level 5 in Shields
  2148 | D:3      | Noticed Grinder
  2172 | D:3      | Killed Grinder
  2172 | D:3      | Reached skill level 5 in Armour
  2172 | D:3      | Reached XP level 6. HP: 8/50 MP: 6/6
  2172 | D:3      | Reached XP level 7. HP: 9/55 MP: 7/7
  2583 | D:3      | You fall into a shaft and drop 3 floors!
  2628 | D:6      | Reached skill level 5 in Fighting
  2970 | D:6      | Found a glowing drain.
  2975 | Sewer    | Entered a sewer
  3286 | Sewer    | Reached XP level 8. HP: 58/63 MP: 8/8
  3823 | D:5      | Entered Level 5 of the Dungeon
  4153 | D:4      | Reached skill level 5 in Long Blades
  4863 | D:4      | Reached XP level 9. HP: 55/71 MP: 9/9
  5221 | D:3      | Found a shattered altar of Ashenzari.
  5923 | D:5      | Found a transporter.
  5947 | D:5      | Found a staircase to the Ecumenical Temple.
  5969 | Temple   | Entered the Ecumenical Temple
  5975 | Temple   | Became a worshipper of Makhleb the Destroyer
  6182 | D:5      | Noticed Duvessa
  6183 | D:5      | Noticed Dowan
  6199 | D:5      | Killed Duvessa
  6202 | D:5      | Killed Dowan
  6673 | D:5      | Found a transporter.
  7290 | D:7      | Got an encrusted dagger
  7320 | D:7      | Found a flagged portal.
  7326 | D:7      | Identified the +4 dagger of Red Defiance {flame, *Rage MP+9
                  | Str+3 Dex+3} (You found it on level 7 of the Dungeon)
  7328 | Bailey   | Entered a bailey
  7334 | Bailey   | Noticed an orc warlord
  7375 | Bailey   | Reached * piety under Makhleb
  7468 | Bailey   | Noticed an orc knight
  7515 | Bailey   | Killed an orc knight
  7751 | Bailey   | Found a runed translucent gate.
  7756 | Bailey   | Found a runed translucent gate.
  7758 | Bailey   | Found a runed translucent gate.
  7874 | Bailey   | Killed an orc warlord
  7874 | Bailey   | Reached XP level 10. HP: 43/82 MP: 10/10
  8336 | D:7      | Reached skill level 1 in Invocations
  8664 | D:7      | Reached skill level 1 in Axes
  8864 | D:7      | Identified 3 scrolls of acquirement
  9977 | D:8      | You fall into a shaft and drop 3 floors!
 10112 | D:11     | Noticed Snorg
 10136 | D:11     | Slain by Snorg

Illustrated notes

Levels and vault maps discovered:
D:1:      zaba_arrival_water, layout_rooms, nemelex_diamond_rough_becter
D:2:      layout_loops_ring, grunt_decor_fettered
D:3:      layout_basic, old_standard_altar, minmay_cut_off, uniq_grinder
D:4:      layout_loops_ring, minmay_fractal_squares_diagonal_5
D:5:      gammafunk_cloud_chamber, layout_cave_pods,
          minmay_temple_entry_overgrown, first_ration, uniq_duvessa
D:6:      layout_rooms, lightli_sewer_entry_pipes
D:7:      layout_basic, enter_bailey_3, bh_walls_and_bars
D:8:      layout_basic
D:11:     layout_rooms, fedhas_altar_fruit_tree, uniq_erica, uniq_harold,
          uniq_snorg
Temple:   dpeg_three_leaves_temple

Skill      XL: |  1  2  3  4  5  6  7  8  9 10 |
---------------+-------------------------------+-----
Shields        | 4 5 6 7 9 |  9.8
Armour         | 4 5 6 8 9 |  9.1
Fighting       | 4 5 6 8 |  8.9
Long Blades    | 3 4 5 7 |  7.3
Invocations    | 2 |  2.5
Axes           | 2 |  2.1
Dodging        | |  0.1

Action                   |  1- 3 |  4- 6 |  7- 9 | 10-12 || total
-------------------------+-------+-------+-------+-------++-------
Melee: Long sword        |   113 |   147 |   682 |    34 ||   976
       Dagger            |       |       |    28 |   166 ||   194
       Executioner's axe |       |       |       |    27 ||    27
 Abil: Dig               |       |       |     2 |     1 ||     3
  Use: Scroll            |     3 |     1 |    16 |     6 ||    26
       Potion            |       |     1 |     7 |     5 ||    13
  Eat: Chunk             |       |     5 |    20 |     3 ||    28
       Ration            |       |       |       |     3 ||     3
Armor: Scale mail        |    45 |    62 |   237 |       ||   344
       Plate armour      |       |       |    28 |   142 ||   170
Dodge: Dodged            |    35 |    51 |   269 |    55 ||   410
Block: Kite shield       |    69 |    82 |   486 |   151 ||   788
       Rpst.: Long sword |     9 |    14 |    74 |     4 ||   101
